 Dungeon Crawl Stone Soup version 0.30-a0-222-ge547ba4400 (webtiles) character file.

Game seed: 9438552575201425132

489 Belterius the Shield-Bearer (level 6, -1/56 HPs)
             Began as a Minotaur Fighter on Oct 8, 2022.
             Slain by a gnoll
             ... wielding a +2 halberd of venom
             ... led by a gnoll bouda
              (6 damage)
             ... on level 5 of the Dungeon.
             The game lasted 00:03:19 (2755 turns).

Belterius the Shield-Bearer (Minotaur Fighter)      Turns: 2755, Time: 00:03:20

Health: -1/56      AC:  7    Str: 23    XL:     6   Next: 90%
Magic:  5/5        EV:  9    Int:  5    God:
Gold:   244        SH:  5    Dex:  9    Spells: 5/5 levels left

rFire   . . .      SeeInvis .    a - +0 war axe
rCold   . . .      Faith    .    c - +0 buckler
rNeg    . . .      Spirit   .    b - +0 scale mail
rPois   .          Reflect  .    (helmet restricted)
rElec   .          Harm     .    (no cloak)
rCorr   .          Rampage  .    (no gloves)
Will    .....                    (no boots)
Stlth   ..........               (no amulet)
HPRegen 0.29/turn                (no ring)
MPRegen 0.09/turn                (no ring)

@: lethally poisoned (-1 -> -5)
A: horns 2, retaliatory headbutt
a: no special abilities


You were on level 5 of the Dungeon.
You visited 1 branch of the dungeon, and saw 5 of its levels.

You collected 244 gold pieces.

Inventory:

Hand Weapons
 a - a +0 war axe (weapon)
Armour
 b - a +0 scale mail (worn)
 c - a +0 buckler (worn)
Jewellery
 r - a +6 ring of dexterity
Scrolls
 e - 2 scrolls of enchant weapon {unknown}
 h - 2 scrolls of identify {unknown}
 i - a scroll of enchant armour {unknown}
 j - a scroll of torment {unknown}
 k - a scroll of vulnerability {unknown}
 m - a scroll of brand weapon {unknown}
 n - 4 scrolls of teleportation {unknown}
 q - a scroll of amnesia {unknown}
 u - a scroll of blinking {unknown}
Potions
 d - 2 potions of mutation {unknown}
 f - 2 potions of attraction {unknown}
 g - 3 potions of heal wounds {unknown}
 l - 2 potions of haste {unknown}
 o - a potion of flight {unknown}
 p - a potion of lignification {unknown}
 s - 2 potions of curing {unknown}
 t - a potion of might
 v - a potion of resistance {unknown}


   Skills:
 + Level 5.6 Fighting
 + Level 5.0 Axes
 + Level 5.6 Armour
 + Level 5.7 Shields


You had 5 spell levels left.
You didn't know any spells.
Your spell library contained the following spells:

 Spells                   Type           Power      Damage    Failure   Level
 Kiss of Death            Conj/Necr      0%         2d5       85%         1
 Call Canine Familiar     Summ           0%         N/A       99%         3
 Confusing Touch          Hex            0%         N/A       99%         3
 Portal Projectile        Hex/Tloc       0%         N/A       99%         3
 Dispel Undead            Necr           0%         3d6       100%        4
 Leda's Liquefaction      Hex/Erth       0%         N/A       100%        4


Dungeon Overview and Level Annotations

Branches:
Dungeon (4/15)
 Temple: D:4-7

Altars:
Hepliaklqana


Innate Abilities, Weirdness & Mutations

You have a pair of horns on your head.
You reflexively headbutt those who attack you in melee.


Message History

The orc is almost dead.
The orc hits you but does no damage.
Unknown command.
There are monsters nearby!
You hit the orc.
You kill the orc!
The ogre hits you with a +0 giant spiked club!
Unknown command.
There are monsters nearby!
You slash the ogre!
The ogre is heavily wounded.
The gnoll hits you from afar with a +2 halberd of venom!
You are poisoned.
Unknown command.
There are monsters nearby!
You hit the ogre but do no damage.
The ogre is heavily wounded.
You feel very sick.
The ogre hits you with a +0 giant spiked club!!
* * * LOW HITPOINT WARNING * * *
You block the gnoll's attack.
Unknown command.
There are monsters nearby!
You are too injured to fight recklessly!
Unknown command.
There are monsters nearby!
You are too injured to fight recklessly!
Unknown command.
There are monsters nearby!
You are too injured to fight recklessly!
Unknown command.
There are monsters nearby!
You are too injured to fight recklessly!
Unknown command.
You barely miss the ogre. You headbutt the ogre!
You kill the ogre!
* * * LOW HITPOINT WARNING * * *
You feel sick.
The gnoll hits you from afar with a +2 halberd of venom.
You die...

#.# #### #.#
##...##
#.#####.....#.#
#.............>
#..#.#.........
#..........##.#
##.#.#)##.##
#.....##.#
#.@.....(#
#g###[#### #gg.
#.# .(.⌠. #$#
..#.. #.#
#.#### #.# #..
.# ..


You could see a gnoll bouda and 2 gnolls.

Vanquished Creatures
  Sigmund (D:2)
  Menkaure (D:4)
  An ogre (D:5)
  Jessica (D:3)
  Natasha (thrice) (D:2)
  A gnoll (D:5)
  3 adders (D:3)
  An ufetubus (D:5)
  A dart slug (D:1)
  An orc (D:5)
  5 ball pythons
  2 bats
  9 endoplasms
  5 giant cockroaches
  10 goblins
  8 hobgoblins
  5 kobolds
  A quokka (D:1)
  A frilled lizard (D:3)
  3 rats
63 creatures vanquished.

Vanquished Creatures (others)
  A kraken (D:1)
  A ghoul (D:1)
  A demonspawn (D:1)
  A gargoyle (D:1)
  An elf (D:1)
  A troll (D:1)
  2 demigods (D:1)
  A naga (D:1)
  A dwarf (D:1)
  A felid (D:1)
  A gnoll (D:1)
  8 tentacles (D:1)
20 creatures vanquished.

Grand Total: 83 creatures vanquished

Notes
Turn   | Place    | Note
-------+----------+-------------------------------------------
     0 | D:1      | Belterius the Minotaur Fighter began the quest for the Orb.
     0 | D:1      | Reached XP level 1. HP: 19/19 MP: 0/0
     0 | D:1      | Noticed a demigod
     0 | D:1      | Noticed a demonspawn
     0 | D:1      | Noticed a troll
     0 | D:1      | Noticed a demigod
     0 | D:1      | Noticed a demonspawn
     0 | D:1      | Noticed an elf
     0 | D:1      | Noticed a kraken
     0 | D:1      | Noticed a gargoyle
     0 | D:1      | Noticed a dwarf
     0 | D:1      | Noticed a naga
     0 | D:1      | Noticed a ghoul
     0 | D:1      | Noticed a felid
     2 | D:1      | Killed a felid
     3 | D:1      | Killed a naga
     7 | D:1      | Killed a ghoul
     9 | D:1      | Killed a dwarf
    11 | D:1      | Killed a demigod
    13 | D:1      | Killed a gargoyle
    16 | D:1      | Killed an elf
    16 | D:1      | Killed a demigod
    18 | D:1      | Killed a troll
    19 | D:1      | Killed a demonspawn
    19 | D:1      | Killed a kraken
   194 | D:1      | Reached XP level 2. HP: 23/27 MP: 1/1
   581 | D:1      | Reached XP level 3. HP: 30/33 MP: 2/2
   644 | D:1      | Found a faded altar of an unknown god.
   898 | D:2      | Noticed Natasha
   905 | D:2      | Killed Natasha
  1011 | D:2      | Noticed Natasha
  1016 | D:2      | Killed Natasha
  1017 | D:2      | Reached XP level 4. HP: 34/41 MP: 3/3
  1124 | D:2      | Noticed Natasha
  1132 | D:2      | Killed Natasha
  1329 | D:2      | Found a hazy altar of Hepliaklqana.
  1356 | D:2      | Noticed Sigmund
  1361 | D:2      | Killed Sigmund
  1362 | D:2      | Reached skill level 5 in Fighting
  1362 | D:2      | Reached skill level 5 in Armour
  1362 | D:2      | Reached skill level 5 in Shields
  1362 | D:2      | Reached XP level 5. HP: 43/48 MP: 4/4
  1362 | D:2      | Reached XP level 6. HP: 50/56 MP: 5/5
  1633 | D:3      | Noticed Jessica
  1635 | D:3      | Killed Jessica
  2447 | D:4      | Noticed Menkaure
  2453 | D:4      | Killed Menkaure
  2715 | D:4      | You fall into a shaft and drop 1 floor!
  2715 | D:5      | Entered Level 5 of the Dungeon
  2750 | D:5      | Reached skill level 5 in Axes
  2755 | D:5      | Slain by a gnoll

Illustrated notes

Levels and vault maps discovered:
D:1:      nicolae_arrival_kraken_aquarium_a, layout_basic,
          shapermc_ecumenical_altar_hornbeckon
D:2:      layout_loops_ring, basic_altar, st_stairs_13, uniq_natasha,
          uniq_sigmund
D:3:      layout_loops_ring, serial_bayou, serial_bayou_pond_e,
          serial_bayou_shore_b, serial_bayou_shore_a, serial_bayou_crossing,
          hex_medium, hangedman_decor_lopped, minmay_misc_feat_tower,
          minmay_cupped, uniq_jessica
D:4:      layout_loops_ring, uniq_menkaure
D:5:      layout_loops_ring, minmay_temple_entry_nine_rooms

Skill      XL: |  1  2  3  4  5  6 |
---------------+-------------------+-----
Shields        | 4 5 |  5.7
Armour         | 4 5 |  5.6
Fighting       | 4 5 |  5.6
Axes           | 3 4 5 |  5.0

Action                   |  1- 3 |  4- 6 || total
-------------------------+-------+-------++-------
Melee: War axe           |    58 |    65 ||   123
       Headbutt          |     5 |     9 ||    14
  Use: Potion            |     1 |       ||     1
Armor: Scale mail        |    24 |    23 ||    47
Dodge: Dodged            |    36 |    20 ||    56
Block: Buckler           |    10 |    12 ||    22

Table legend: (Time is in decaauts)
 A = Elapsed time spent in this place.
 B = Non-inter-level travel time spent in this place.
 C = Inter-level travel time spent in this place.
 D = Time resting spent in this place.
 E = Time spent auto-exploring this place.
 F = Levels seen in this place.
 G = Mean time per level.
                   A        B        C        D        E       F      G
               +--------+--------+--------+--------+--------+-----+--------+
         Total |   2835 |   2696 |    139 |    258 |   2037 |   5 |  567.0 |
       Dungeon |   2835 |   2696 |    139 |    258 |   2037 |   5 |  567.0 |
               +--------+--------+--------+--------+--------+-----+--------+

Top non-repeatable levels by time:
     D:2: 908 daAuts
     D:1: 760 daAuts
     D:3: 687 daAuts
     D:4: 437 daAuts
     D:5: 42 daAuts
